 Dungeon Crawl Stone Soup version 0.28.0-49-g6dfe1f597d (webtiles) character file.

Game seed: 2378739017878895247

522 mortz the Covert (level 7, 60/60 HPs)
             Began as a Gnoll Delver on May 16, 2022.
             Was an Initiate of Elyvilon.
             Quit the game on level 4 of the Dungeon.
             The game lasted 00:22:12 (4780 turns).

mortz the Covert (Gnoll Delver)                     Turns: 4780, Time: 00:22:12

Health: 60/60      AC:  7    Str: 14    XL:     7   Next: 22%
Magic:  10/10      EV: 16    Int:  9    God:    Elyvilon [......]
Gold:   230        SH:  0    Dex: 13    Spells: 10/10 levels left

rFire   . . .      SeeInvis +   a - +0 falchion {long}
rCold   . . .      Faith    .   (no shield)
rNeg    . . .      Spirit   .   y - +0 ring mail
rPois   .          Reflect  .   (no helmet)
rElec   .          Harm     .   r - +0 cloak
rCorr   .          Rampage  .   j - +0 pair of gloves
Will    .....                   (no boots)
Stlth   ++++......              (no amulet)
HPRegen 0.20/turn               n - ring of see invisible
MPRegen 0.12/turn               o - +4 ring of evasion

@: no status effects
A: fangs 1, strong nose, distributed training
a: Renounce Religion


You were on level 4 of the Dungeon.
You worshipped Elyvilon.
Elyvilon was noncommittal.
You visited 2 branches of the dungeon, and saw 6 of its levels.

You collected 230 gold pieces.


Innate Abilities, Weirdness & Mutations

You have very sharp teeth.
Your uncanny sense of smell can sniff out nearby items.
Your experience applies equally to all skills.


   Skills:
 + Level 7.0 Fighting
 + Level 2.3 Short Blades
 + Level 5.2 Long Blades
 + Level 2.3 Axes
 + Level 2.3 Maces & Flails
 + Level 2.3 Polearms
 + Level 2.3 Staves
 + Level 2.3 Slings
 + Level 2.3 Bows
 + Level 2.3 Crossbows
 + Level 2.3 Throwing
 + Level 2.3 Armour
 + Level 5.2 Dodging
 + Level 9.9 Stealth
 + Level 2.3 Shields
 + Level 2.3 Unarmed Combat
 + Level 2.3 Spellcasting
 + Level 1.9 Conjurations
 + Level 1.9 Hexes
 + Level 1.9 Summonings
 + Level 1.9 Necromancy
 + Level 1.9 Translocations
 + Level 1.9 Transmutations
 + Level 1.9 Fire Magic
 + Level 1.9 Ice Magic
 + Level 1.9 Air Magic
 + Level 1.9 Earth Magic
 + Level 1.9 Poison Magic
 + Level 2.6 Invocations
 + Level 2.3 Evocations


You had 10 spell levels left.
You didn't know any spells.
Your spell library contained the following spells:

 Spells                   Type           Power      Damage    Failure   Level
 Frozen Ramparts          Ice            8%         1d2       65%         3
 Ice Form                 Ice/Tmut       4%         N/A       96%         4
 Summon Ice Beast         Ice/Summ       4%         N/A       96%         4

Inventory:

Hand Weapons
 a - a +0 falchion (weapon) {long}
Missiles
 b - 4 poisoned darts {throwing}
 h - 134 stones (quivered) {throwing}
Armour
 j - a +0 pair of gloves (worn)
   (You found it on level 5 of the Dungeon)
 r - a +0 cloak (worn)
   (You found it on level 2 of the Dungeon)
 y - a +0 ring mail (worn)
   (You took it off a hobgoblin on level 3 of the Dungeon)
Jewellery
 n - a ring of see invisible (left hand)
   (You found it on level 1 of the Dungeon)
 o - a +4 ring of evasion (right hand)
   (You found it on level 1 of the Dungeon)
 u - a ring of positive energy
   (You found it on level 2 of the Dungeon)
 A - a ring of resist corrosion
   (You found it on level 4 of the Dungeon)
Wands
 g - a wand of digging (3)
 x - a wand of flame (5)
   (You took it off an orc on level 3 of the Dungeon)
Scrolls
 c - a scroll of fog
 d - a scroll of magic mapping {!r}
 e - a scroll of fear
 i - 4 scrolls of teleportation {@r4}
 k - a scroll of identify {@r1}
 l - a scroll of noise {unknown}
 s - a scroll of vulnerability {unknown}
 t - a scroll of summoning {unknown}
Potions
 f - 3 potions of haste {@q3}
 m - 2 potions of heal wounds {@q2}
 p - 2 potions of might
 q - 2 potions of curing {@q1}
 v - 2 potions of degeneration {unknown}
 w - a potion of mutation {unknown}
 z - a potion of brilliance {unknown}
 B - a potion of lignification {unknown}

Dungeon Overview and Level Annotations

Branches:
Dungeon (5/15)             Temple (1/1) D:4

Altars:
Ashenzari
Cheibriados
Dithmenos
Elyvilon
Fedhas
Hepliaklqana
Kikubaaqudgha
Makhleb
Nemelex Xobeh
Okawaru
Qazlal
Ru
Vehumet
Xom
Yredelemnul
The Shining One

Shops:
D:3

! #.>.⌠8
#.#.....
#.....⌠8 ###
#####... #..
#### #.#
######## #.#
##......# #.#
#.....#.# #@#
#.....#.#
#.#####
#.....#.#
#)#...#
#.....#.#
#...#.#
#.....#.#
###...#
##......# ##.##
####.###
#.#####......#
#.##.......#.#
#.##.##.#..#.##


There were no monsters in sight!


Message History

You throw a stone {throwing}.
The stone {throwing} hits the ice beast.
You barely miss the ice beast.
The ice beast hits you but does no damage.
You hit the ice beast but do no damage. The ice beast closely misses you.
You hit the ice beast but do no damage. The ice beast misses you.
You completely miss the ice beast. The ice beast barely misses you.
You hit the ice beast.
You bite the ice beast, but do no damage.
The ice beast hits you but does no damage.
You hit the ice beast but do no damage. The ice beast barely misses you.
You hit the ice beast. The ice beast hits you.
The ice beast freezes you! 😮 HP[-14]
You take 14 damage, and now have 39/53 hp.
MASSIVE DAMAGE!! (PAUSE)
You hit the ice beast but do no damage.
The ice beast hits you but does no damage.
You closely miss the ice beast.
The ice beast hits you but does no damage.
You slash the ice beast! The ice beast misses you.
You closely miss the ice beast.
The ice beast barely misses you. 😕 HP[+1]
You barely miss the ice beast. Your bite misses the ice beast.
The ice beast barely misses you.
You hit the ice beast.
The ice beast hits you but does no damage.
The ice beast closely misses you.
You hit the ice beast but do no damage. Your bite misses the ice beast.
The ice beast barely misses you.
You slash the ice beast!
You kill the ice beast!
Your Fighting skill increases to level 7!
You have reached level 7! 😕 HP[+6] MP[+1]
You now have 60 max hp (+7).
You regained 6 hp, and now have 46/60 hp.
Your mp is fully restored (10).
B - a pink potion
h - 98 stones {throwing} (gained 1) 😕 HP[+1]
h - 99 stones {throwing} (gained 1)
Things that are here:
a +0 dagger {short}; a goblin corpse
h - 100 stones {throwing} (gained 1) 😕 HP[+1]
A jackal skeleton comes into view.
The jackal skeleton moves out of view. 😎 HP[+12]
Your hp is fully restored (60).
A jackal skeleton and a dart slug come into view.
Throw: 100 stones {throwing}
Press: ? - help, Q - select action, (/) - cycle Shift-Dir - straight line, f - jackal skeleton
Aim: a jackal skeleton (wandering, hasn't noticed you, 79% to hit)
You throw a stone {throwing}.
The stone {throwing} hits the jackal skeleton.
A jackal skeleton is nearby!
You hit the jackal skeleton but do no damage.
The jackal skeleton barely misses you.
You slash the jackal skeleton!
You destroy the jackal skeleton!
You see here a stone {throwing}.
Throw: 99 stones {throwing}
Press: ? - help, Q - select action, (/) - cycle Shift-Dir - straight line, f - dart slug
Aim: a dart slug (93% to hit)
You throw a stone {throwing}.
The stone {throwing} hits the dart slug but does no damage.
You hit the dart slug. You hit the dart slug but do no damage.
You bite the dart slug. The dart slug launches a dart at you.
The slug dart hits you. 😕 HP[-2]
You take 2 damage, and now have 58/60 hp.
You hit the dart slug.
You kill the dart slug!
h - 99 stones {throwing} (gained 1)
h - 100 stones {throwing} (gained 1)
i - 4 scrolls of teleportation {@r4} (gained 1)
h - 115 stones {throwing} (gained 15)
h - 134 stones {throwing} (gained 19)
A goblin comes into view. It is wielding a +0 club. 😎 HP[+2]
Your hp is fully restored (60).
Throw: 134 stones {throwing}
Press: ? - help, Q - select action, (/) - cycle Shift-Dir - straight line, f - goblin
Aim: a goblin, wielding a +0 club (asleep, 98% to hit)
You throw a stone {throwing}.
The stone {throwing} hits the goblin but does no damage.
The goblin shouts!
Throw: 133 stones {throwing}
Press: ? - help, Q - select action, (/) - cycle Shift-Dir - straight line, f/p - goblin
Aim: a goblin, wielding a +0 club (55% to hit)
You throw a stone {throwing}. The stone {throwing} hits the goblin.
You barely miss the goblin. The goblin completely misses you.
You hit the goblin.
You kill the goblin!
Things that are here:
a +0 club {mace}; a goblin corpse
h - 133 stones {throwing} (gained 1)
h - 134 stones {throwing} (gained 1) Are you sure you want to abandon this character and quit the game? (Confirm with "yes".)

Skill      XL: |  1  2  3  4  5  6 |
---------------+-------------------+-----
Stealth        | |  9.9
Short Blades   | 1 2 |  2.3
Axes           | 1 2 |  2.3
Maces & Flails | 1 2 |  2.3
Polearms       | 1 2 |  2.3
Staves         | 1 2 |  2.3
Slings         | 1 2 |  2.3
Bows           | 1 2 |  2.3
Crossbows      | 1 2 |  2.3
Throwing       | 1 2 |  2.3
Armour         | 1 2 |  2.3
Shields        | 1 2 |  2.3
Unarmed Combat | 1 2 |  2.3
Spellcasting   | 1 2 |  2.3
Invocations    | 1 2 |  2.6
Evocations     | 1 2 |  2.3
Conjurations   | 1 |  1.9
Hexes          | 1 |  1.9
Summonings     | 1 |  1.9
Necromancy     | 1 |  1.9
Translocations | 1 |  1.9
Transmutations | 1 |  1.9
Fire Magic     | 1 |  1.9
Ice Magic      | 1 |  1.9
Air Magic      | 1 |  1.9
Earth Magic    | 1 |  1.9
Poison Magic   | 1 |  1.9
Long Blades    | 5 |  5.2
Dodging        | 5 |  5.2
Fighting       | 7 |  7.0

Action                   |  1- 3 |  4- 6 |  7- 9 || total
-------------------------+-------+-------+-------++-------
Melee: Falchion          |    25 |   259 |     7 ||   291
       Bite              |     3 |    27 |     1 ||    31
       Punch             |       |     4 |       ||     4
Throw: Stone             |       |   141 |     4 ||   145
  Use: Scroll            |       |     4 |       ||     4
 Stab: Sleeping          |       |    10 |       ||    10
Armor: Leather armour    |     6 |    33 |       ||    39
       Ring mail         |       |    33 |       ||    33
Dodge: Dodged            |    19 |   190 |     2 ||   211

Levels and vault maps discovered:
D:1:      tarquinn_simple_flora_water_b, layout_basic,
          shapermc_ecumenical_altar_acropolis, hex_large, minmay_hexomino_r4
D:2:      wad_pebble_path, layout_loops_ring
D:3:      layout_basic, serial_shops, shop, roderic_roman_lattice,
          minmay_misc_feat_cross, grunt_ministairs_8, kennysheep_generic_room_12
D:4:      layout_loops_cross, mainiacjoe_overflow_catwalk,
          minmay_temple_entry_drinking_statues, nicolae_ossuary_entry_giza,
          uniq_ijyb
D:5:      layout_gridville, nicolae_fountain_basement
Temple:   eino_temple_scatter_basement

Notes
Turn   | Place    | Note
-------+----------+-------------------------------------------
     0 | D:5      | Reached skill level 9 in Stealth
     0 | D:5      | mortz the Gnoll Delver began the quest for the Orb.
     0 | D:5      | Reached XP level 1. HP: 23/23 MP: 1/1
     0 | D:5      | magus.rc [v1.9.6]
    11 | D:5      | Noticed a sky beast
    30 | D:5      | Noticed a sky beast
    58 | D:5      | Noticed a centaur
   143 | D:5      | Noticed a jelly
   185 | D:5      | Reached XP level 2. HP: 23/29 MP: 2/2
   194 | D:5      | Reached XP level 3. HP: 13/35 MP: 3/3
   387 | D:4      | Noticed a scorpion
   420 | D:3      | Killed a scorpion
   421 | D:3      | Reached skill level 1 in Short Blades
   421 | D:3      | Reached skill level 1 in Axes
   421 | D:3      | Reached skill level 1 in Maces & Flails
   421 | D:3      | Reached skill level 1 in Polearms
   421 | D:3      | Reached skill level 1 in Staves
   421 | D:3      | Reached skill level 1 in Slings
   421 | D:3      | Reached skill level 1 in Bows
   421 | D:3      | Reached skill level 1 in Crossbows
   421 | D:3      | Reached skill level 1 in Throwing
   421 | D:3      | Reached skill level 1 in Armour
   421 | D:3      | Reached skill level 1 in Shields
   421 | D:3      | Reached skill level 1 in Unarmed Combat
   421 | D:3      | Reached skill level 1 in Spellcasting
   421 | D:3      | Reached skill level 1 in Invocations
   421 | D:3      | Reached skill level 1 in Evocations
   421 | D:3      | Reached XP level 4. HP: 23/41 MP: 3/5
   597 | D:3      | You pick up a book of Rime and begin reading...
   597 | D:3      | You add the spells Frozen Ramparts, Ice Form and Summon Ice
                  | Beast to your library.
   650 | D:2      | Reached skill level 1 in Conjurations
   650 | D:2      | Reached skill level 1 in Hexes
   650 | D:2      | Reached skill level 1 in Summonings
   650 | D:2      | Reached skill level 1 in Necromancy
   650 | D:2      | Reached skill level 1 in Translocations
   650 | D:2      | Reached skill level 1 in Transmutations
   650 | D:2      | Reached skill level 1 in Fire Magic
   650 | D:2      | Reached skill level 1 in Ice Magic
   650 | D:2      | Reached skill level 1 in Air Magic
   650 | D:2      | Reached skill level 1 in Earth Magic
   650 | D:2      | Reached skill level 1 in Poison Magic
  1158 | D:1      | Found a basalt altar of Yredelemnul.
  1393 | D:1      | Found a faded altar of an unknown god.
  1658 | D:1      | Reached XP level 5. HP: 47/47 MP: 6/6
  3129 | D:3      | Reached XP level 6. HP: 52/53 MP: 8/8
  3254 | D:3      | Reached skill level 2 in Invocations
  3291 | D:3      | Found Gugeob's Distillery.
  3586 | D:3      | Reached skill level 5 in Long Blades
  3586 | D:3      | Reached skill level 5 in Dodging
  3782 | D:3      | Reached skill level 2 in Short Blades
  3782 | D:3      | Reached skill level 2 in Axes
  3782 | D:3      | Reached skill level 2 in Maces & Flails
  3782 | D:3      | Reached skill level 2 in Polearms
  3782 | D:3      | Reached skill level 2 in Staves
  3782 | D:3      | Reached skill level 2 in Slings
  3782 | D:3      | Reached skill level 2 in Bows
  3782 | D:3      | Reached skill level 2 in Crossbows
  3782 | D:3      | Reached skill level 2 in Throwing
  3782 | D:3      | Reached skill level 2 in Armour
  3782 | D:3      | Reached skill level 2 in Shields
  3782 | D:3      | Reached skill level 2 in Unarmed Combat
  3782 | D:3      | Reached skill level 2 in Spellcasting
  3782 | D:3      | Reached skill level 2 in Evocations
  4035 | D:4      | Found a radiant altar of Vehumet.
  4300 | D:4      | Found a staircase to the Ecumenical Temple.
  4319 | Temple   | Entered the Ecumenical Temple
  4483 | Temple   | Became a worshipper of Elyvilon the Healer
  4545 | D:4      | Noticed an ice beast
  4573 | D:4      | Killed an ice beast
  4574 | D:4      | Reached skill level 7 in Fighting
  4574 | D:4      | Reached XP level 7. HP: 46/60 MP: 10/10
  4780 | D:4      | Quit the game

Vanquished Creatures
  An ice beast (D:4)
  A scorpion (D:3)
  2 water moccasin skeletons (D:4)
  An orc priest (D:3)
  A bullfrog skeleton (D:2)
  4 gnolls (D:3)
  9 adders
  A white imp (D:5)
  An ufetubus (D:4)
  A worm (D:2)
  5 dart slugs
  4 orcs (D:3)
  5 bats
  An endoplasm (D:1)
  A giant cockroach (D:1)
  15 goblins
  2 hobgoblins
  7 jackals
  2 quokkas
  5 ball pythons
  A frilled lizard (D:1)
  A jackal skeleton (D:4)
  A kobold (D:2)
  3 rats
75 creatures vanquished.

Table legend:
 A = Non-vault XP
 B = Vault XP
 C = Vault XP percentage of total XP
 D = Non-vault monster count
 E = Vault monster count
 F = Vault count percentage of total count
                 A         B        C        D         E       F
            +---------+---------+-------+---------+---------+-------
      Total |     730 |      17 |   2.3 |      71 |       4 |   5.3
            +---------+---------+-------+---------+---------+-------
        D:1 |      24 |       3 |  11.1 |      12 |       2 |  14.3
        D:2 |     101 |       0 |   0.0 |      19 |       0 |   0.0
        D:3 |     258 |      14 |   5.1 |      25 |       2 |   7.4
        D:4 |     310 |       0 |   0.0 |      12 |       0 |   0.0
        D:5 |      37 |       0 |   0.0 |       3 |       0 |   0.0
            +---------+---------+-------+---------+---------+-------

Illustrated notes

Table legend:
 A = Kills in this place as a percentage of kills in entire the game.
 B = Kills by you in this place as a percentage of kills by you in the entire game.
 C = Kills by friends in this place as a percentage of kills by friends in the entire game.
 D = Other kills in this place as a percentage of other kills in the entire game.
 E = Experience gained in this place as a percentage of experience gained in the entire game.
 F = Experience gained in this place divided by the number of levels of this place that you have seen.
                   A       B       C       D       E      F
               +-------+-------+-------+-------+-------+----------------------
         Total | 100.0 | 100.0 |   N/A |   N/A | 100.0 | 124.5
       Dungeon | 100.0 | 100.0 |   N/A |   N/A | 100.0 | 149.4
               +-------+-------+-------+-------+-------+----------------------

Table legend: (Time is in decaauts)
 A = Elapsed time spent in this place.
 B = Non-inter-level travel time spent in this place.
 C = Inter-level travel time spent in this place.
 D = Time resting spent in this place.
 E = Time spent auto-exploring this place.
 F = Levels seen in this place.
 G = Mean time per level.
                   A        B        C        D        E       F      G
               +--------+--------+--------+--------+--------+-----+--------+
         Total |   4802 |   4670 |    132 |    253 |   3299 |   6 |  800.3 |
       Dungeon |   4619 |   4515 |    104 |    253 |   3166 |   5 |  923.8 |
        Temple |    182 |    154 |     28 |      0 |    133 |   1 |  182.0 |
               +--------+--------+--------+--------+--------+-----+--------+

Top non-repeatable levels by time:
     D:3: 1377 daAuts
     D:1: 1086 daAuts
     D:2: 1017 daAuts
     D:4: 751 daAuts
     D:5: 386 daAuts
  Temple: 182 daAuts
